 Dungeon Crawl Stone Soup version 0.28.0 (webtiles) character file.

Game seed: 9864713885650143000

30 Ijustatesigmund the Skirmisher (level 3, -1/24 HPs)
             Began as a Gargoyle Fighter on Feb 11, 2022.
             Frozen to death by an endoplasm (4 damage)
             ... on level 1 of the Dungeon.
             The game lasted 00:01:18 (860 turns).

Ijustatesigmund the Skirmisher (Gargoyle Fighter)    Turns: 860, Time: 00:01:19

Health: -1/24      AC: 10    Str: 21    XL:     3   Next: 20%
Magic:  3/3        EV:  9    Int:  8    God:
Gold:   30         SH:  4    Dex:  9    Spells: 2/2 levels left

rFire   . . .      SeeInvis .   a - +0 flail
rCold   . . .      Faith    .   c - +0 buckler
rNeg    + . .      Spirit   .   b - +0 scale mail
rPois   ∞          Reflect  .   (no helmet)
rElec   +          Harm     .   (no cloak)
rCorr   .          Rampage  .   (no gloves)
Will    .....                   (no boots)
Stlth   ..........              (no amulet)
HPRegen 0.08/turn               (no ring)
MPRegen 0.08/turn               (no ring)

@: no status effects
A: sickness immunity, AC +3, negative energy resistance 1, electricity
resistance, torment resistance 1, petrification resistance
a: no special abilities


You were on level 1 of the Dungeon.
You visited 1 branch of the dungeon, and saw 1 of its levels.

You collected 74 gold pieces.
You spent 44 gold pieces at shops.

Inventory:

Hand Weapons
 a - a +0 flail (weapon)
Armour
 b - a +0 scale mail (worn)
 c - a +0 buckler (worn)
Scrolls
 d - a scroll of torment {unknown}
 f - 2 scrolls of identify
Potions
 e - a potion of attraction


   Skills:
 + Level 3.8 Fighting
 * Level 3.1 Maces & Flails
 - Level 3.2 Armour
 - Level 3.2 Shields


You had 2 spell levels left.
You didn't know any spells.
Your spell library contained the following spells:

 Spells                   Type           Power      Damage    Failure   Level
 Summon Lightning Spire   Summ/Air       0%         N/A       100%        4
 Storm Form               Tmut/Air       0%         N/A       100%        7
 Maxwell's Capacitive Co  Air            0%         ∞         100%        8


Dungeon Overview and Level Annotations

Branches:
Dungeon (1/15)

Altars:

Shops:
D:1 ?


Innate Abilities, Weirdness & Mutations

You are immune to sickness and miasma.
Your stone body is resilient. (AC +3)
You are immune to poison.
You resist negative energy. (rN+)
You are resistant to electric shocks. (rElec)
You are resistant to unholy torment.
You are immune to petrification.


Message History

The dart slug launches a dart at you. The slug dart hits you.
The bat closely misses you.
A bat comes into view.
You hit the dart slug.
You kill the dart slug!
The bat closely misses you. The endoplasm barely misses you.
The bat hits you but does no damage.
You hit the endoplasm.
The endoplasm is heavily wounded.
You block the bat's attack. The bat closely misses you. The endoplasm hits you.
You are too injured to fight recklessly!
You are too injured to fight recklessly!
You are too injured to fight recklessly!
You are too injured to fight recklessly!
You are too injured to fight recklessly!
You are too injured to fight recklessly!
The bat barely misses you. x2; The endoplasm closely misses you.
The bat hits you but does no damage. The bat hits you but does no damage.
The bat barely misses you. x2
The endoplasm freezes you.
You are frozen.
You see here a ball python corpse.
You closely miss the bat. The bat hits you but does no damage.
The endoplasm barely misses you. The bat barely misses you.
The endoplasm hits you but does no damage.
Okay, then.
You hit the bat.
You kill the bat!
The kobold misses you. The endoplasm freezes you.
You are frozen.
* * * LOW HITPOINT WARNING * * *
You completely miss the endoplasm.
The endoplasm is heavily wounded.
The kobold hits you with a +0 short sword.
* * * LOW HITPOINT WARNING * * *
The endoplasm freezes you.
You are frozen.
You die...

#.###.....# ##..##. ....
#.......#.# #...##
.....#.#.##..#.####.....
.........#..............
.....##................≈
.....#......#####......≈
##.....##..# #......≈
#......#...# #....... .
.###@....# #....... ...
#bJK....# #.....##
##..#..##............##
#......#.....##..
....##........# ...
#.........# #.
....##.....# # >?...
.....(# #.###. ######


You could see an endoplasm, a bat and a kobold.

Vanquished Creatures
  2 dart slugs (D:1)
  3 ball pythons (D:1)
  4 bats (D:1)
  2 endoplasms (D:1)
  3 goblins (D:1)
  A hobgoblin (D:1)
  A jackal (D:1)
  3 quokkas (D:1)
  2 frilled lizards (D:1)
  A kobold (D:1)
  A rat (D:1)
23 creatures vanquished.

Notes
Turn   | Place    | Note
-------+----------+-------------------------------------------
     0 | D:1      | Ijustatesigmund the Gargoyle Fighter began the quest for
                  | the Orb.
     0 | D:1      | Reached XP level 1. HP: 14/14 MP: 1/1
    66 | D:1      | Reached XP level 2. HP: 8/19 MP: 2/2
   478 | D:1      | Reached XP level 3. HP: 24/24 MP: 3/3
   537 | D:1      | Found Ykonemah's Magic Scroll Shoppe.
   792 | D:1      | Bought a scroll of identify for 22 gold pieces
   792 | D:1      | Bought a scroll of identify for 22 gold pieces
   860 | D:1      | Frozen to death by an endoplasm

Illustrated notes

Levels and vault maps discovered:
D:1:      lemuel_arrival_lava_pool, layout_loops_cross, serial_shops, shop,
          hellmonk_ecumenical_altar_run_dry, dk_noncrumbling_2,
          hangedman_decor_points, minmay_heptomino_o4

Skill      XL: |  1  2 |
---------------+-------+-----
Maces & Flails | 3 |  3.1
Fighting       | |  3.8
Armour         | |  3.2
Shields        | |  3.2

Action                   || total
-------------------------++-------
Melee: Flail             ||    68
  Use: Potion            ||     2
       Scroll            ||     1
Armor: Scale mail        ||    33
Dodge: Dodged            ||    45
Block: Buckler           ||    12
